 Dungeon Crawl Stone Soup version 0.27.1-4-g1640c2035a (webtiles) character file.

Game seed: 16166771890739882500

9993 McKennaii the Spear-Bearer (level 11, -15/86 HPs)
             Began as a Demonspawn Fighter on Nov 12, 2021.
             Was a Priest of Makhleb.
             Killed from afar by a gargoyle (24 damage)
             ... with a stone arrow
             ... on level 10 of the Dungeon.
             The game lasted 00:23:36 (14543 turns).

McKennaii the Spear-Bearer (Demonspawn Fighter)    Turns: 14543, Time: 00:23:36

Health: -15/86     AC: 18    Str: 30    XL:     11   Next: 30%
Magic:  11/11      EV:  8    Int:  9    God:    Makhleb [***...]
Gold:   249        SH: 12    Dex: 15    Spells: 10/10 levels left

rFire    . . .     SeeInvis +   a - +0 trident
rCold    . . .     Faith    .   c - +0 kite shield
rNeg     . . .     Spirit   .   j - +0 plate armour
rPois    .         Reflect  .   P - +1 helmet {SInv}
rElec    .         Harm     .   r - +0 cloak
rCorr    .         Rampage  .   x - +0 pair of gloves
Will     .....                  (no boots)
Stlth    ..........             (no amulet)
HPRegen  0.24/turn              l - +6 ring of strength
MPRegen  0.12/turn              A - +6 ring of strength

@: no status effects
A: hooves 2, demonic guardian 1, spiny 2, sturdy frame 1
a: Renounce Religion, Minor Destruction, Lesser Servant of Makhleb


You were on level 10 of the Dungeon.
You worshipped Makhleb.
Makhleb was most pleased with you.
You visited 2 branches of the dungeon, and saw 11 of its levels.
You also visited: Ossuary.

You collected 537 gold pieces.
You spent 288 gold pieces at shops.

Inventory:

Hand Weapons
 a - a +0 trident (weapon)
 y - the +8 rapier "McKennaii's Bane" {venom, +Blink rPois rN+}
   (You found it on level 5 of the Dungeon)

   It poisons the flesh of those it strikes.
   rPois:     It protects you from poison.
   rN:        It protects you from negative energy.
   +Blink:    It lets you blink.
Missiles
 k - a throwing net (quivered)
Armour
 c - a +0 kite shield (worn)
 j - a +0 plate armour (worn)
 r - a +0 cloak (worn)
 x - a +0 pair of gloves (worn)
 P - a +1 helmet of see invisible (worn)
Jewellery
 g - a ring of protection from cold
 i - a ring of wizardry
 l - a +6 ring of strength (left hand)
 s - a ring of poison resistance
 A - a +6 ring of strength (right hand)
Wands
 v - a wand of paralysis (4)
 D - a wand of acid (5)
 M - a wand of flame (12)
 N - a wand of digging (6)
 O - a wand of mindburst (12)
Scrolls
 b - 2 scrolls of amnesia {unknown}
 e - 6 scrolls of vulnerability
 f - a scroll of fear
 h - 4 scrolls of enchant weapon {unknown}
 m - a scroll of brand weapon {unknown}
 p - 5 scrolls of fog {unknown}
 q - 6 scrolls of identify {unknown}
 w - 2 scrolls of holy word {unknown}
 B - 3 scrolls of immolation {unknown}
 F - a scroll of magic mapping {unknown}
 I - 3 scrolls of teleportation
 K - a scroll of enchant armour {unknown}
 L - a scroll of summoning {unknown}
Potions
 d - 6 potions of might
 n - 2 potions of resistance
 o - 3 potions of curing
 t - a potion of berserk rage
 u - 3 potions of degeneration
 z - 3 potions of cancellation {unknown}
 C - 2 potions of haste
 E - 3 potions of lignification {unknown}
 G - 2 potions of brilliance {unknown}
 H - 2 potions of flight {unknown}
 J - 2 potions of heal wounds


   Skills:
 * Level 7.9 Fighting
 * Level 11.0 Polearms
 + Level 7.5 Armour
 + Level 3.7 Dodging
 + Level 1.9 Stealth
 + Level 6.4 Shields
 + Level 1.1 Evocations


You had 10 spell levels left.
You didn't know any spells.
Your spell library contained the following spells:

 Spells                   Type           Power      Damage    Failure   Level
 Beastly Appendage        Tmut           0%         N/A       100%        1
 Foxfire                  Conj/Fire      0%         2x1d4     100%        1
 Sandblast                Erth           0%         2d4       100%        1
 Passwall                 Tmut/Erth      0%         N/A       100%        2
 Static Discharge         Conj/Air       0%         N/A       100%        2
 Wereblood                Tmut           0%         N/A       100%        2
 Conjure Flame            Conj/Fire      0%         6-21      100%        3
 Ignite Poison            Fire/Tmut/Pois 0%         N/A       100%        3
 Inner Flame              Hex/Fire       0%         N/A       100%        3
 Spider Form              Tmut/Pois      0%         N/A       100%        3
 Petrify                  Tmut/Erth      0%         N/A       100%        4
 Sticky Flame             Conj/Fire      0%         2d3       100%        4
 Lee's Rapid Deconstruct  Erth           0%         3d5*      100%        5
 Lightning Bolt           Conj/Air       0%         1d11      100%        5
 Metabolic Englaciation   Hex/Ice        0%         N/A       100%        5
 Statue Form              Tmut/Erth      0%         N/A       100%        6
 Maxwell's Capacitive Co  Air            0%         ∞         100%        8


Dungeon Overview and Level Annotations

Branches:
Dungeon (10/15)            Temple (1/1) D:5             Orc (0/2) D:9
Ossuary (visited)
   Lair: D:8-11

Altars:
Ashenzari
Cheibriados
Dithmenos
Elyvilon
Fedhas
Gozag
Hepliaklqana
Kikubaaqudgha
Makhleb
Nemelex Xobeh
Okawaru
Qazlal
Ru
Sif Muna
Trog
Uskayaw
Vehumet
Xom
Yredelemnul
Zin
The Shining One

Shops:
D:3 [   D:6 ((*[   D:7 :   D:8 !


Innate Abilities, Weirdness & Mutations

You have hoof-like feet.
A weak demonic guardian rushes to your aid.
You are mostly covered in sharp spines.
Your movements are slightly less encumbered by armour. (ER -2)


Message History

The gargoyle hurls a stone arrow at you.
The stone arrow hits you!!
You hit the gargoyle. Your kick misses the gargoyle.
The gargoyle is lightly damaged.
The gargoyle hits you but does no damage.
You barely miss the gargoyle.
You kick the gargoyle, but do no damage.
The gargoyle is lightly damaged.
The gargoyle hurls a stone arrow at you.
The stone arrow hits you!
You closely miss the gargoyle.
You kick the gargoyle, but do no damage.
The gargoyle is lightly damaged.
You block the gargoyle's attack. The wraith hits you but does no damage.
Unknown command.
You hit the gargoyle but do no damage.
You kick the gargoyle, but do no damage.
The gargoyle is lightly damaged.
The gargoyle hurls a stone arrow at you.
The stone arrow hits you but does no damage.
You block the wraith's attack.
Found a hand axe.
The gargoyle barely misses you.
The gargoyle hurls a stone arrow at you.
The stone arrow hits you. You block the gargoyle's attack.
You open the door. The gargoyle hits you with a +0 flail.
You block the wraith's attack.
There is an open door here.
The gargoyle hurls a stone arrow at you.
The stone arrow hits you!
* * * LOW HITPOINT WARNING * * *
The gargoyle hurls a stone arrow at you.
The stone arrow hits you!
* * * LOW HITPOINT WARNING * * *
A demonic guardian appears!
Your rust devil hits the gargoyle.
Your rust devil corrodes the gargoyle!
There is a stone staircase leading up here.
The gargoyle hurls a stone arrow at you.
The stone arrow hits you!!
You die...

#.........# #.............
######.........###.........#
......#.........###'##..)..#
......#.......#.###.##.....###
......#.#####.#..W..##.........
..............#49#.............
########......#..#.##....#.....
######.#..#.##..........
#.#.@#.##..?....... #####
#.#.##.##..........
...<#########.#.##......#.####
......#.........#########.#
.####.#.#####.### .# .# #.#
...# ## #[# ##### # #.# # #.#


You could see a wraith, a gargoyle (corroded, ally target) and a friendly rust
devil (summoned).

Vanquished Creatures
  Gastronok (D:8)
  Harold (D:7)
  2 two-headed ogres (D:9)
  Pikel (D:7)
  Joseph (D:10)
  Psyche (D:8)
  A komodo dragon (D:9)
  A troll (D:10)
  A shadow (D:10)
  Sigmund (D:4)
  Eustachio (D:6)
  A wraith (Ossuary)
  A wyvern (D:8)
  2 steam dragons (D:6)
  Edmund (D:6)
  An acid dragon (D:10)
  2 water moccasins
  A sky beast (D:6)
  2 orc warriors
  3 ice beasts
  A black bear (D:8)
  2 necrophages
  4 centaurs
  A phantom (D:2)
  3 bullfrogs
  2 scorpions
  7 wights (D:8)
  A howler monkey (D:5)
  2 electric eels
  A bullfrog zombie (D:7)
  2 jellies (D:5)
  6 centaur zombies
  3 hounds
  2 gnoll shamans
  6 orc priests
  2 bullfrog skeletons
  3 iguanas
  13 orc wizards
  Natasha (thrice) (D:4)
  3 killer bee zombies
  2 mummies
  Robin (D:2)
  5 adders
  10 gnolls
  A shadow imp (D:8)
  A white imp (D:7)
  A worm (D:3)
  A dart slug (D:1)
  27 orcs
  8 endoplasms
  2 giant cockroaches
  13 goblins
  9 hobgoblins
  4 jackals
  6 quokkas
  9 ball pythons
  5 bats
  9 gnoll skeletons (Ossuary)
  5 kobolds
  2 kobold skeletons (Ossuary)
  14 orc skeletons (Ossuary)
  7 rats
235 creatures vanquished.

Vanquished Creatures (collateral kills)
  4 ogres
  2 wights (D:8)
  An electric eel (D:9)
7 creatures vanquished.

Vanquished Creatures (others)
  25 plants (D:8)
25 creatures vanquished.

Grand Total: 267 creatures vanquished

Notes
Turn   | Place    | Note
-------+----------+-------------------------------------------
     0 | D:1      | McKennaii the Demonspawn Fighter began the quest for the
                  | Orb.
     0 | D:1      | Reached XP level 1. HP: 18/18 MP: 1/1
    93 | D:1      | Gained mutation: You have large cloven feet. [demonic
                  | ancestry]
    93 | D:1      | Reached XP level 2. HP: 23/24 MP: 2/2
   169 | D:1      | Found a faded altar of an unknown god.
   243 | D:1      | Reached skill level 2 in Polearms
   639 | D:1      | Reached XP level 3. HP: 29/29 MP: 3/3
   934 | D:2      | Noticed a phantom
   948 | D:2      | Killed a phantom
   949 | D:2      | Reached skill level 3 in Polearms
   949 | D:2      | Gained mutation: You are partially covered in sharp spines.
                  | [demonic ancestry]
   949 | D:2      | Reached XP level 4. HP: 19/37 MP: 4/4
  1372 | D:2      | Noticed Robin
  1464 | D:2      | Killed Robin
  1465 | D:2      | Reached XP level 5. HP: 20/42 MP: 5/5
  2235 | D:3      | Found a burning altar of Makhleb.
  2262 | D:3      | Reached skill level 4 in Polearms
  2360 | D:3      | Became a worshipper of Makhleb the Destroyer
  2563 | D:3      | Found Canyhemu's Armour Shoppe.
  2948 | D:4      | Gained mutation: A weak demonic guardian rushes to your
                  | aid. [demonic ancestry]
  2948 | D:4      | Reached XP level 6. HP: 48/48 MP: 6/6
  3075 | D:4      | Noticed Sigmund
  3085 | D:4      | Noticed Natasha
  3164 | D:4      | Killed Natasha
  4142 | D:4      | Gained mutation: You are mostly covered in sharp spines.
                  | [demonic ancestry]
  4142 | D:4      | Reached XP level 7. HP: 39/55 MP: 7/7
  4302 | D:5      | Entered Level 5 of the Dungeon
  4310 | D:5      | Reached skill level 5 in Polearms
  4310 | D:5      | Reached skill level 1 in Dodging
  4316 | D:5      | Found a staircase to the Ecumenical Temple.
  4357 | Temple   | Entered the Ecumenical Temple
  4523 | D:5      | Reached * piety under Makhleb
  4539 | D:5      | Reached skill level 6 in Polearms
  4558 | D:5      | Reached XP level 8. HP: 50/61 MP: 8/8
  4605 | D:4      | Killed Sigmund
  4623 | D:4      | Noticed Natasha
  4628 | D:4      | Killed Natasha
  4748 | D:4      | Noticed Natasha
  4753 | D:4      | Killed Natasha
  5141 | D:5      | Identified the +8 rapier "McKennaii's Bane" {venom, +Blink
                  | rPois rN+}
  5412 | D:5      | Found an iron altar of Okawaru.
  5426 | D:5      | Reached skill level 5 in Fighting
  5454 | D:5      | Reached skill level 7 in Polearms
  5671 | D:5      | Reached skill level 5 in Armour
  5999 | D:6      | Found Bocipy Rexti's Antique Weapon Shoppe.
  6018 | D:6      | Noticed Edmund
  6056 | D:6      | Killed Edmund
  6113 | D:6      | Gained mutation: Your movements are slightly less
                  | encumbered by armour. (ER -2) [demonic ancestry]
  6113 | D:6      | Reached XP level 9. HP: 34/68 MP: 9/9
  6149 | D:6      | Found Omysum's Armour Boutique.
  6242 | D:6      | Found Jajule's CLEARANCE SALE! EVERYTHING MUST GO!.
  6326 | D:6      | Reached skill level 8 in Polearms
  6334 | D:6      | Found a sand-covered staircase.
  6342 | Ossuary  | Entered an ossuary
  6354 | Ossuary  | Reached ** piety under Makhleb
  6782 | D:6      | Noticed Eustachio
  6798 | D:6      | Killed Eustachio
  7173 | D:6      | Found Roekk's Weapon Shoppe.
  7214 | D:6      | Found a hide-covered altar of Uskayaw.
  7345 | D:6      | HP: 1/103 [orc priest/divine providence (14)]
  8222 | D:6      | Reached skill level 1 in Stealth
  9120 | D:7      | Noticed Harold
  9123 | D:7      | Paralysed by Harold for 6 turns
  9226 | D:7      | Found a shimmering altar of Xom.
  9339 | D:7      | Reached skill level 9 in Polearms
  9640 | D:7      | Paralysed by Harold for 2 turns
  9788 | D:7      | Found Ufoweeta's Book Boutique.
  9805 | D:7      | Found a radiant altar of Vehumet.
  9929 | D:7      | Found a hazy altar of Hepliaklqana.
 10056 | D:7      | Killed Harold
 10057 | D:7      | Reached skill level 5 in Shields
 10057 | D:7      | Reached XP level 10. HP: 75/77 MP: 10/10
 10136 | D:7      | Noticed Pikel
 10153 | D:7      | Killed Pikel
 10153 | D:7      | Reached *** piety under Makhleb
 10290 | D:8      | Found Omaofyph's Distillery.
 10357 | D:8      | Bought 2 potions of degeneration for 24 gold pieces
 10357 | D:8      | Bought a potion of curing for 36 gold pieces
 10357 | D:8      | Bought a potion of heal wounds for 60 gold pieces
 10357 | D:8      | Bought a potion of might for 48 gold pieces
 10357 | D:8      | Bought a potion of resistance for 120 gold pieces
 10444 | D:8      | Noticed Gastronok
 10703 | D:8      | Noticed Psyche
 10715 | D:8      | Killed Psyche
 10952 | D:8      | Found a snail-covered altar of Cheibriados.
 10969 | D:8      | Found an opulent altar of Gozag.
 11553 | D:8      | Found a blossoming altar of Fedhas.
 11589 | D:8      | Killed Gastronok
 11590 | D:8      | Reached skill level 10 in Polearms
 11891 | D:8      | Noticed an angel
 12229 | D:9      | Found a staircase to the Orcish Mines.
 12237 | D:9      | Noticed a two-headed ogre
 12250 | D:9      | Killed a two-headed ogre
 12251 | D:9      | Gained mutation: You have hoof-like feet. [demonic
                  | ancestry]
 12251 | D:9      | Reached XP level 11. HP: 57/85 MP: 11/11
 12394 | D:9      | Noticed a two-headed ogre
 12403 | D:9      | Killed a two-headed ogre
 12404 | D:9      | Reached skill level 1 in Evocations
 13845 | D:10     | Entered Level 10 of the Dungeon
 13996 | D:10     | Noticed Joseph
 14018 | D:10     | Killed Joseph
 14025 | D:10     | Reached skill level 11 in Polearms
 14382 | D:10     | Found a shadowy altar of Dithmenos.
 14543 | D:10     | Killed from afar by a gargoyle

Illustrated notes

Levels and vault maps discovered:
D:1:      minmay_arrival_checkered_box, layout_loops_ring,
          basic_ecumenical_altar, minmay_misc_feat_encased
D:2:      layout_basic, uniq_robin
D:3:      layout_rooms, marbit_many_paths, serial_shops,
          nicolae_shop_statue_plus, grunt_decor_resistance,
          chequers_decorated_corner
D:4:      layout_loops_ring, uniq_natasha, uniq_sigmund
D:5:      layout_gridville, okawaru_metal_pillars_1_2, temple_fountains,
          kennysheep_big_empty_room
D:6:      layout_gridville, kennysheep_mini_moat, gup_ossuary_entry_pyramid,
          serial_shops, nicolae_inconvenience_store, nicolae_take_the_stairs,
          shop, nicolae_shop_clearance, uniq_eustachio, uniq_edmund
D:7:      cheibrodos_quashed, layout_cave_pools,
          mainiacjoe_overflow_small_starburst, nicolae_vehumet_altar_sigil,
          mainiacjoe_overflow_tiny_flanked, serial_shops, shop, uniq_harold,
          uniq_pikel
D:8:      layout_loops_ring, mainiacjoe_overflow_cross_hatched, zin_angel,
          grunt_gozag_statues, tso_oasis_becter, lemuel_doored_altar,
          serial_shops, shop_statue, corexii_hall_statues_l, uniq_gastronok,
          uniq_psyche
D:9:      layout_basic, orc_0_dummy, minivault_21, small_statue_intersection,
          hex_large, kennysheep_pointless_box
D:10:     layout_basic, grunt_dithmenos_smoke_and_mirrors,
          nicolae_wu_jian_immortal_techniques, serial_shops,
          nicolae_shop_competitors_out_of_business, uniq_joseph
Temple:   compressed_dpeg_triangle_lava_temple

Skill      XL: |  1  2  3  4  5  6  7  8  9 10 11 |
---------------+----------------------------------+-----
Polearms       | 2 3 4 6 7 9 10 11 | 11.0
Shields        | 3 4 5 6 |  6.4
Armour         | 3 4 5 6 7 |  7.5
Fighting       | 4 5 6 7 |  7.9
Dodging        | 1 3 |  3.7
Stealth        | 1 |  1.9
Evocations     | 1 |  1.1

Action                   |  1- 3 |  4- 6 |  7- 9 | 10-12 || total
-------------------------+-------+-------+-------+-------++-------
Melee: Trident           |   102 |   182 |   338 |   260 ||   882
       Kick              |    14 |    40 |   103 |    94 ||   251
Evoke: Wand              |       |       |     5 |     3 ||     8
  Use: Scroll            |       |     4 |     3 |       ||     7
       Potion            |       |       |     5 |       ||     5
 Stab: Distracted        |       |       |       |     1 ||     1
Armor: Scale mail        |    35 |    58 |   102 |       ||   195
       Plate armour      |       |       |     3 |   111 ||   114
Dodge: Dodged            |    31 |    41 |   104 |    51 ||   227
Block: Kite shield       |    38 |    62 |   168 |   159 ||   427
